Map: Acid Plant LE

Players

HeroMarine - Winner!

  • Race: Terran Terran
  • Spawn Location: 11:00

Seither

  • Race: Terran Terran
  • Spawn Location: 5:00

Event: WCS Valencia 2018

VOD

Have the link to the VOD?

Description

Time

  • Played on: July 12, 2018, 12:40 p.m.
  • Length: 11:09

All games in this series

Show
View Real Time Build Order
Export as new Build Order

HeroMarine Terran - Winner!

Build Orders: Cyclone Opening, Gas First Reaper Expand, Reaper Expand, Bio Tank 

Get SALT Encoding   

  12  0:00  SCV  
  13  0:12  SCV  
  14  0:17  Supply Depot  
  14  0:24  SCV  
  15  0:30  Refinery  
  15  0:38  SCV  
  16  0:44  Barracks  
  16  0:50  SCV  
  17  1:03  SCV  
  18  1:15  SCV  
  19  1:31  Reaper, Orbital Command  
  20  1:45  Command Center  
  20  1:56  Factory  
  20  2:00  SCV  
  21  2:09  Barracks Reactor  
  21  2:12  SCV  
  22  2:15  Supply Depot  
  22  2:23  Refinery  
  22  2:24  SCV  
  23  2:37  SCV  
  24  2:47  Cyclone  
  24  2:48  Marine x2  
  24  2:50  SCV  
  30  3:02  SCV  
  31  3:06  Starport  
  31  3:09  Supply Depot  
  31  3:11  Marine  
  31  3:14  Marine  
  31  3:24  Factory Tech Lab  
  31  3:30  SCV, Marine  
  31  3:32  Marine  
  33  3:39  Orbital Command  
  33  3:43  SCV  
  33  3:44  Orbital Command  
  34  3:52  Marine x2  
  34  3:54  Factory Tech Lab  
  34  3:55  SCV  
  37  3:57  Refinery  
  37  4:07  Raven, SCV  
  37  4:09  SCV  
  41  4:12  Marine x2  
  41  4:13  Refinery  
  41  4:16  Siege Tank  
  46  4:19  SCV  
  46  4:21  Supply Depot, SCV  
  49  4:31  SCV  
  49  4:34  SCV  
  50  4:41  Liberator  
  50  4:43  SCV  
  51  4:47  Supply Depot, SCV  
  51  4:48  Siege Tank  
  55  4:55  SCV  
  55  4:58  Viking  
  55  4:59  SCV  
  62  5:09  SCV, Marine  
  62  5:12  SCV  
  62  5:13  Supply Depot  
  67  5:21  SCV, Siege Tank  
  67  5:24  SCV  
  67  5:27  Marine  
  70  5:34  Viking, SCV  
  73  5:36  Supply Depot, SCV  
  73  5:37  Stimpack  
  73  5:41  Viking  
  76  5:48  SCV x2  
  78  5:53  Command Center  
  78  5:58  Siege Tank  
  78  6:01  Supply Depot, Marine  
  81  6:07  SCV  
  81  6:08  SCV  
  84  6:19  Marine  
  84  6:21  SCV  
  84  6:22  SCV  
  86  6:32  Engineering Bay x2  
  83  6:37  Marine  
  83  6:38  Siege Tank  
  83  6:41  Barracks  
  83  6:42  Barracks  
  83  6:48  Starport Reactor  
  83  6:49  SCV x2  
  81  6:55  Marine  
  81  7:01  Terran Infantry Armor Level 1, Terran Infantry Weapons Level 1, Barracks  
  82  7:02  Barracks  
  82  7:05  Orbital Command  
  82  7:11  Siege Tank  
  82  7:13  SCV x2  
  84  7:18  Marine  
  85  7:25  SCV  
  85  7:26  SCV  
  85  7:28  Medivac x2  
  91  7:30  Marine x2  
  91  7:34  Missile Turret  
  91  7:36  SCV, Marine, Barracks Reactor  
  95  7:37  SCV  
  95  7:43  SCV  
  97  7:46  Combat Shields  
  97  7:48  SCV  
  97  7:49  Marine x2  
  97  7:50  SCV  
  103  7:52  Barracks Reactor x2  
  103  7:53  Supply Depot  
  103  7:54  Supply Depot  
  103  7:55  SCV  
  102  7:59  Marine  
  102  8:00  SCV, Refinery  
  102  8:01  Refinery  
  102  8:02  SCV  
  105  8:07  Marine x2  
  105  8:08  SCV  
  105  8:12  SCV  
  109  8:13  Supply Depot  
  109  8:14  Supply Depot  
  109  8:15  SCV  
  109  8:16  Supply Depot  
  109  8:17  Marine  
  109  8:19  Armory  
  111  8:20  SCV  
  111  8:21  Factory  
  111  8:25  Marine  
  113  8:28  Marine x4  
  113  8:29  Siege Tank, Marine x3  
  113  8:30  Medivac x2  
  113  8:33  SCV  
  113  8:34  Supply Depot, SCV  
  128  8:37  Marine  
  130  8:42  Missile Turret  
  130  8:44  Sensor Tower  
  130  8:45  Marine x2  
  130  8:46  Marine  
  133  8:51  Marine x3  
  136  8:57  Marine  
  136  8:58  Marine  
  136  8:59  Marine  
  136  9:01  Siege Tank  
  142  9:02  Marine  
  142  9:03  Marine  
  142  9:08  Terran Vehicle Weapons Level 1  
  142  9:09  Marine x2  
  146  9:12  Marine x2  
  148  9:21  Marine x4  
  152  9:25  Barracks Reactor  
  152  9:27  Marine, Siege Tank  
  152  9:29  Marine  
  152  9:30  Marine x2  
  152  9:33  Siege Tank  
  153  9:39  Marine x4  
  153  9:45  Marine  
  158  9:47  Marine  
  158  9:48  Marine x2  
  161  9:57  Marine x4  
  165  10:02  Marine  
  165  10:05  Marine  
  165  10:06  Marine  
  165  10:09  Marine  
  165  10:10  Siege Tank x2, Marine x2  
  152  10:14  Marine  
  152  10:15  Marine x3  
  152  10:20  Marine  
  156  10:23  Marine  
  156  10:24  Marine  
  156  10:26  Marine  
  156  10:28  Medivac x2, Marine x2  
  156  10:32  Marine x3  
  165  10:43  Marine x2  
  165  10:44  Supply Depot  
  165  10:48  Marine x2  
  165  10:49  Marine  
  173  10:50  Marine x2  
  173  10:53  Supply Depot  
Show
View Real Time Build Order
Export as new Build Order

Seither Terran 

Build Orders: Cyclone Opening, Bio Tank 

Get SALT Encoding   

  12  0:00  SCV  
  13  0:12  SCV  
  14  0:17  Supply Depot  
  14  0:24  SCV  
  15  0:29  Refinery  
  15  0:39  SCV  
  16  0:45  Barracks  
  16  0:51  SCV  
  16  0:56  Refinery  
  17  1:03  SCV  
  18  1:15  SCV  
  19  1:32  Reaper, Orbital Command  
  20  1:35  Factory  
  20  1:47  Supply Depot  
  20  1:58  SCV  
  21  2:04  Reaper  
  22  2:10  SCV  
  23  2:19  Hellion  
  25  2:23  SCV  
  26  2:30  Command Center  
  26  2:38  Supply Depot  
  26  2:39  SCV  
  26  2:41  Barracks Reactor  
  27  2:48  Cyclone  
  27  2:51  SCV  
  31  3:00  Starport  
  31  3:03  SCV  
  31  3:15  SCV  
  31  3:19  Marine x2  
  33  3:21  Factory Tech Lab  
  33  3:27  SCV  
  33  3:32  Supply Depot  
  34  3:38  Marine  
  34  3:39  SCV, Marine  
  37  3:43  Orbital Command  
  37  3:46  Raven  
  39  3:49  Factory Tech Lab  
  39  3:51  SCV  
  40  3:59  Marine x2  
  42  4:03  SCV  
  42  4:08  Siege Tank  
  46  4:10  SCV  
  46  4:11  Supply Depot  
  46  4:16  SCV  
  48  4:18  Marine x2  
  48  4:22  SCV  
  51  4:28  SCV  
  52  4:34  SCV  
  53  4:40  SCV  
  53  4:43  Command Center  
  53  4:45  Marine  
  55  4:46  SCV  
  55  4:50  Starport Reactor  
  55  4:52  SCV, Barracks  
  57  4:53  Stimpack, Barracks  
  57  4:59  Siege Tank  
  60  5:03  SCV, Marine  
  60  5:04  SCV  
  60  5:07  Supply Depot  
  61  5:17  Engineering Bay  
  61  5:18  Engineering Bay  
  61  5:19  SCV  
  61  5:20  Refinery  
  61  5:21  Refinery  
  62  5:22  Marine  
  62  5:27  SCV  
  64  5:29  Supply Depot  
  64  5:34  Siege Tank  
  67  5:37  SCV  
  67  5:39  SCV, Marine, Starport Reactor  
  67  5:40  Marine  
  67  5:42  Marine  
  72  5:48  Terran Infantry Weapons Level 1, Marine x2  
  74  5:54  Terran Infantry Armor Level 1  
  74  5:56  Orbital Command  
  74  5:57  SCV  
  75  6:10  Siege Tank, Marine x2  
  75  6:11  Marine  
  80  6:14  SCV x2  
  80  6:23  Marine x2  
  80  6:24  Medivac  
  80  6:25  SCV  
  82  6:26  SCV  
  83  6:33  Medivac  
  83  6:34  Marine x3  
  85  6:41  Marine x2  
  86  6:57  Combat Shields  
  86  6:58  Marine x2  
  86  7:07  Marine x3  
  88  7:15  Siege Tank, Marine  
  91  7:16  Marine  
  91  7:17  Armory  
  91  7:19  SCV  
  91  7:20  SCV  
  95  7:29  Orbital Command  
  95  7:30  Marine x2  
  95  7:31  Marine  
  95  7:33  SCV x2  
  100  7:37  Marine  
  100  7:42  Supply Depot, Marine  
  100  7:43  Supply Depot  
  102  7:48  Marine  
  102  7:49  SCV  
  102  7:50  SCV  
  104  7:55  Marine x3  
  104  8:01  Siege Tank  
  104  8:04  Supply Depot  
  104  8:05  Supply Depot  
  107  8:18  Marine x3  
  109  8:21  Medivac x2  
  109  8:24  SCV x2  
  109  8:25  Barracks  
  109  8:26  Barracks  
  115  8:33  Siege Tank  
  118  8:35  Terran Infantry Weapons Level 2, Marine x2  
  118  8:36  Terran Infantry Armor Level 2  
  120  8:41  SCV  
  120  8:42  Supply Depot x2  
  120  8:47  SCV x2  
  120  8:48  Refinery  
  123  8:49  Refinery  
  123  8:54  Medivac x2  
  126  8:58  Marine  
  126  8:59  Marine x2  
  126  9:02  Marine x2  
  130  9:08  Supply Depot, SCV x2  
  130  9:09  Supply Depot, Terran Vehicle Weapons Level 1  
  133  9:12  SCV  
  133  9:16  Marine  
  134  9:20  SCV  
  134  9:22  Marine x6  
  128  9:34  Marine  
  128  9:37  Siege Tank  
  125  9:39  SCV x2, Marine x2  
  125  9:40  Marine x3  
  125  9:42  Barracks Reactor  
  132  9:52  Marine  
  128  9:57  Marine x4  
  128  9:58  Marine  
  127  10:10  Marine  
  112  10:15  Marine x5  
  112  10:17  Medivac x2, Siege Tank  
  113  10:23  Factory  
  113  10:27  Marine  
  107  10:33  Marine x5  
  107  10:34  Command Center, Marine  
  107  10:35  Marine  
  114  10:36  SCV x3  
  116  10:45  Marine  
  119  10:51  Marine x4  
Tags
 
Add a new tag
Caveats
  • Supply blocks, unpowered buildings, or Contaminate may cause inaccurate times.
  • Supply counts are checked every 10 seconds.